 Dungeon Crawl Stone Soup version 0.31.0-12-g77e489cdc1 (webtiles) character file.

Game seed: 1645452879663768470

3 Silvore the Shooter (level 1, 0/18 HPs)
             Began as a Minotaur Hunter on Feb 20, 2024.
             Frozen to death by an endoplasm (2 damage)
             ... on level 1 of the Dungeon.
             The game lasted 00:00:45 (109 turns).

Silvore the Shooter (Minotaur Hunter)                Turns: 109, Time: 00:00:46

Health: 0/18       AC:  3    Str: 15    XL:     1   Next: 41%
Magic:  0/0        EV: 12    Int:  6    God:
Gold:   9          SH:  0    Dex: 13    Spells: 0/0 levels left

rFire   . . .        a - +0 shortbow
rCold   . . .        (shield currently unavailable)
rNeg    . . .        c - +0 leather armour
rPois   .            (helmet restricted)
rElec   .            (no cloak)
rCorr   .            (no gloves)
SInv    .            (no boots)
Will    .....        (no amulet)
Stlth   +            (no ring)
HPRegen 0.23/turn    (no ring)
MPRegen 0.07/turn

%: no passive effects
@: no status effects
A: horns 2, retaliatory headbutt
a: no special abilities


You were on level 1 of the Dungeon.
You visited 1 branch of the dungeon, and saw 1 of its levels.

You collected 9 gold pieces.

Inventory:

Hand Weapons
 a - a +0 shortbow (weapon)
Armour
 c - a +0 leather armour (worn)
Scrolls
 b - a scroll of butterflies


   Skills:
 + Level 2.4 Fighting
 + Level 4.4 Ranged Weapons
 + Level 2.4 Dodging
 + Level 0.7 Stealth


You couldn't memorise any spells.
You didn't know any spells.
Your spell library was empty.

Dungeon Overview and Level Annotations

Branches:
Dungeon (1/15)

Altars:


Innate Abilities, Weirdness & Mutations

You have a pair of horns on your head.
You reflexively headbutt those who attack you in melee.


Message History

The rat misses you. You furiously retaliate!
You headbutt the rat.
You kill the rat!
The kobold hits you with a +0 dagger.
Found an escape hatch in the floor.
The kobold shouts!
The kobold attacks as it pursues you! The kobold hits you with a +0 dagger.
Found four items.
You open the door. The kobold hits you with a +0 dagger.
There is an open door here.
You shoot an arrow. The arrow hits the endoplasm.
The endoplasm is heavily wounded.
The kobold closely misses you. You furiously retaliate!
You headbutt the kobold, but do no damage.
The endoplasm hits you but does no damage.
The kobold hits you but does no damage. The endoplasm closely misses you.
The kobold hits you with a +0 dagger.
The endoplasm hits you but does no damage.
The kobold barely misses you. The endoplasm barely misses you.
The kobold closely misses you. The hobgoblin barely misses you.
The endoplasm barely misses you. The kobold closely misses you.
You furiously retaliate!
You headbutt the kobold.
You kill the kobold!
The hobgoblin hits you. The endoplasm barely misses you.
The hobgoblin hits you but does no damage.
The endoplasm hits you. The hobgoblin hits you. The hobgoblin hits you.
The endoplasm barely misses you. The hobgoblin hits you.
* * * LOW HITPOINT WARNING * * *
The hobgoblin barely misses you. The endoplasm freezes you.
You are frozen.
* * * LOW HITPOINT WARNING * * *
The hobgoblin hits you but does no damage.
The hobgoblin hits you.
* * * LOW HITPOINT WARNING * * *
The endoplasm freezes you.
You are frozen.
You die...

#####################
!.g.#......(.........
.#..$.#...#..........
...##....##........#
....#....g........#
..#..[#...........## .
#..#..##....####...###...
##.........###)##g.......
....##.....#>##J@g.......
...#..#....##.K##......$.
#..##...#...####...###...
..#..#...#........## %.
.##.......#.......# .
..#...#.#.#........
)#†#..#....#.......
...#...............
################


You could see an endoplasm, 2 hobgoblins and a kobold.

Vanquished Creatures
  2 kobolds (D:1)
  A frilled lizard (D:1)
  A rat (D:1)
4 creatures vanquished.

Notes
Turn   | Place    | Note
-------+----------+-------------------------------------------
     0 | D:1      | Silvore the Minotaur Hunter began the quest for the Orb.
     0 | D:1      | Reached XP level 1. HP: 18/18 MP: 0/0
   109 | D:1      | Frozen to death by an endoplasm

Illustrated notes

Levels and vault maps discovered:
D:1:      erik_arrival_cave_to_civilisation [erik_arrival_cave_to_hall],
          layout_loops_ring

Action                     || total
---------------------------++-------
   Fire: Shortbow          ||     1
 Armour: Leather armour    ||    22
  Dodge: Dodged            ||    20
